Map: Moebius Facility XX-1

Players

neulaender - Winner!

  • Race: Zerg Zerg

Baumdoktor - Winner!

  • Race: Protoss Protoss

Sartor

  • Race: Protoss Protoss

Pingüi

  • Race: Terran Terran

VOD

Have the link to the VOD?

Description

Time

  • Played on: Oct. 19, 2016, 3:21 p.m.
  • Length: 13:16
Show
View Real Time Build Order
Export as new Build Order

neulaender Zerg - Winner!

Build Orders: Pool First 

Get SALT Encoding   

  12  0:01  Drone  
  13  0:13  Overlord  
  13  0:20  Drone  
  14  0:31  Drone x2  
  16  0:36  Drone  
  17  0:47  Drone  
  18  0:54  Spawning Pool  
  17  1:01  Extractor  
  16  1:11  Drone  
  17  1:14  Drone  
  18  1:24  Unknown, Hatchery  
  17  1:30  Drone x2  
  19  1:39  Extractor  
  18  1:47  Drone  
  20  1:52  Evolution Chamber  
  19  1:54  Evolution Chamber  
  19  1:59  Drone  
  19  2:02  Queen  
  21  2:09  Drone  
  21  2:12  Extractor  
  21  2:18  Metabolic Boost  
  21  2:20  Zergling x2  
  22  2:23  Overlord  
  22  2:35  Unknown  
  22  2:37  Drone  
  23  2:48  Drone x2  
  23  2:51  Drone  
  26  2:56  Drone  
  26  2:58  Drone  
  28  3:00  Queen  
  30  3:08  Overlord  
  30  3:13  Drone x2  
  30  3:15  Drone  
  33  3:25  Zerg Ground Armor Level 1, Zerg Melee Weapons Level 1  
  33  3:30  Drone x2  
  33  3:32  Drone  
  36  3:44  Zergling x8  
  36  3:45  Zergling x2  
  41  3:52  Drone  
  42  3:57  Overlord x2  
  42  4:12  Unknown, Hatchery  
  42  4:15  Drone x2  
  43  4:33  Drone x3  
  43  4:34  Drone x2  
  43  4:38  Extractor  
  47  4:39  Extractor  
  47  4:41  Lair  
  47  4:45  Drone x3  
  49  4:47  Drone x3  
  49  4:51  Overlord  
  52  4:57  Overlord  
  51  5:13  Roach Warren  
  50  5:14  Zergling x2  
  50  5:15  Zergling x8  
  55  5:22  Drone x3  
  55  5:23  Drone  
  55  5:24  Unknown, Drone  
  55  5:25  Overlord  
  60  5:29  Drone x2  
  60  5:32  Queen  
  63  5:49  Drone  
  64  5:50  Drone  
  64  5:54  Zerg Melee Weapons Level 2  
  64  5:56  Zerg Missile Weapons Level 1  
  64  5:57  Glial Reconstitution  
  64  5:58  Roach  
  64  5:59  Roach x3  
  72  6:07  Drone x2  
  74  6:18  Spire  
  74  6:21  Spire  
  74  6:22  Drone  
  74  6:24  Drone  
  74  6:25  Extractor, Drone x2  
  75  6:26  Drone x2  
  75  6:27  Extractor, Drone  
  75  6:30  Roach  
  75  6:31  Roach  
  81  6:41  Spore Crawler x2  
  81  6:42  Spore Crawler  
  81  6:45  Spore Crawler  
  77  6:47  Spore Crawler  
  77  6:49  Drone x3  
  77  6:50  Drone  
  80  6:55  Overseer, Pneumatized Carapace  
  80  6:59  Overseer  
  80  7:05  Overseer  
  80  7:18  Drone  
  80  7:19  Overlord x3  
  80  7:20  Overlord  
  81  7:27  Overlord x2  
  81  7:31  Zerg Flyer Weapons Level 1  
  81  7:33  Zerg Flyer Armor Level 1  
  81  7:48  Overseer  
  81  7:49  Overseer x2  
  81  8:00  Zerg Missile Weapons Level 2  
  81  8:05  Mutalisk  
  81  8:06  Mutalisk x9  
  101  8:15  Drone  
  101  8:16  Drone x3  
  101  8:18  Drone x4  
  109  8:21  Drone x2  
  111  8:35  Zerg Ground Armor Level 2  
  111  8:40  Drone  
  111  8:41  Infestation Pit  
  111  8:42  Mutalisk x3  
  117  9:08  Mutalisk  
  117  9:09  Mutalisk x3  
  125  9:29  Mutalisk x2  
  129  9:32  Overlord x3  
  129  9:33  Overlord  
  129  9:34  Overseer  
  129  9:36  Zerg Flyer Weapons Level 2  
  129  9:46  Zerg Flyer Armor Level 2  
  129  10:01  Zergling x18  
  138  10:09  Roach x2  
  142  10:19  Extractor x2, Unknown, Hatchery  
  139  10:26  Roach  
  139  10:27  Roach x4  
  149  10:35  Hive  
  149  10:37  Baneling Nest  
  148  10:45  Roach x5  
  137  11:03  Roach  
  139  11:04  Roach x10  
  151  11:15  Zergling x6  
  154  11:31  Unknown  
  150  11:42  Mutalisk  
  150  11:43  Mutalisk x5, Overlord  
  150  11:44  Mutalisk x3  
  168  11:54  Overlord x4  
  149  12:31  Mutalisk x6  
  155  12:38  Zergling x2  
  155  12:39  Zergling x24  
  155  12:41  Overlord  
  155  12:42  Overlord  
Show
View Real Time Build Order
Export as new Build Order

Baumdoktor Protoss - Winner!

Build Orders: 1 Gate Expand 

Get SALT Encoding   

  12  0:02  Probe (Chrono Boost)  
  13  0:13  Probe (Chrono Boost)  
  14  0:20  Pylon  
  14  0:25  Probe (Chrono Boost)  
  15  0:38  Probe (Chrono Boost)  
  15  0:41  Gateway  
  16  0:49  Probe (Chrono Boost)  
  17  0:59  Probe (Chrono Boost)  
  18  1:15  Nexus, Unknown  
  18  1:22  Pylon  
  19  1:25  Probe (Chrono Boost)  
  19  1:31  Assimilator  
  19  1:39  Probe (Chrono Boost), Assimilator  
  20  1:53  Cybernetics Core  
  20  1:59  Probe (Chrono Boost)  
  21  2:10  Probe (Chrono Boost)  
  22  2:20  Probe (Chrono Boost)  
  23  2:26  Unknown  
  23  2:31  Probe (Chrono Boost), Twilight Council  
  23  2:35  Gateway  
  23  2:36  Gateway  
  24  2:41  Probe (Chrono Boost), Warp Gate  
  25  2:47  Gateway  
  25  2:53  Probe (Chrono Boost)  
  26  3:01  Probe (Chrono Boost)  
  26  3:05  Probe (Chrono Boost)  
  28  3:12  Probe (Chrono Boost)  
  29  3:22  Probe (Chrono Boost)  
  29  3:25  Pylon  
  29  3:26  Probe (Chrono Boost)  
  31  3:30  Stalker  
  31  3:31  Stalker  
  31  3:33  Probe (Chrono Boost)  
  36  3:35  Zealot  
  36  3:38  Probe (Chrono Boost)  
  36  3:39  Stalker  
  41  3:50  Probe (Chrono Boost)  
  42  3:59  Probe (Chrono Boost)  
  44  4:02  Probe (Chrono Boost)  
  44  4:09  Probe (Chrono Boost)  
  45  4:14  Probe (Chrono Boost)  
  45  4:15  Stargate  
  46  4:17  Stargate  
  46  4:23  Assimilator  
  46  4:25  Probe (Chrono Boost), Assimilator  
  46  4:26  Charge  
  46  4:27  Probe (Chrono Boost)  
  48  4:47  Zealot x3  
  54  4:58  Pylon  
  54  5:04  Pylon  
  54  5:20  Probe (Chrono Boost)  
  55  5:27  Probe (Chrono Boost)  
  56  5:31  Probe (Chrono Boost)  
  57  5:36  Void Ray  
  57  5:37  Void Ray  
  57  5:41  Probe (Chrono Boost)  
  57  5:42  Nexus, Unknown  
  66  5:52  Probe (Chrono Boost)  
  67  5:57  Pylon  
  67  5:59  Pylon  
  67  6:01  Pylon  
  67  6:02  Probe (Chrono Boost)  
  68  6:04  Assimilator  
  68  6:07  Assimilator  
  68  6:15  Zealot x3  
  74  6:19  Void Ray  
  70  6:40  Nexus, Unknown  
  70  6:43  Pylon  
  70  6:47  Robotics Facility, Pylon  
  68  6:49  Probe (Chrono Boost)  
  68  6:54  Forge, Unknown  
  69  6:55  Void Ray  
  69  7:01  Probe (Chrono Boost), Stalker  
  74  7:02  Stalker, Void Ray  
  82  7:16  Probe (Chrono Boost)  
  83  7:27  Probe (Chrono Boost)  
  83  7:33  Photon Cannon  
  83  7:37  Probe (Chrono Boost), Void Ray  
  83  7:39  Photon Cannon  
  83  7:42  Observer  
  86  7:48  Probe (Chrono Boost)  
  83  7:51  Photon Cannon  
  83  7:52  Unknown  
  84  7:58  Probe (Chrono Boost)  
  84  8:09  Probe (Chrono Boost), Void Ray  
  84  8:10  Blink  
  89  8:17  Probe (Chrono Boost)  
  89  8:19  Probe (Chrono Boost), Stalker x3  
  97  8:20  Stalker, Void Ray  
  103  8:27  Probe (Chrono Boost)  
  104  8:36  Probe (Chrono Boost)  
  104  8:38  Probe (Chrono Boost)  
  106  8:46  Probe (Chrono Boost)  
  107  8:48  Gateway  
  107  8:49  Probe (Chrono Boost), Gateway  
  107  8:52  Gateway  
  107  8:54  Gateway  
  108  8:57  Probe (Chrono Boost)  
  108  8:59  Probe (Chrono Boost), Void Ray  
  114  9:03  Void Ray  
  114  9:06  Protoss Air Weapons Level 1  
  119  9:10  Probe (Chrono Boost)  
  119  9:20  Probe (Chrono Boost)  
  116  9:42  Void Ray  
  102  10:05  Zealot x4  
  100  10:32  Zealot x6  
  100  10:33  Zealot x2  
  116  10:39  Void Ray  
  116  10:40  Void Ray  
  114  11:01  Protoss Air Armor Level 1  
  108  11:22  Void Ray x2  
  108  11:25  Assimilator  
  116  11:30  Assimilator  
  116  11:35  Templar Archives  
  116  11:36  Robotics Bay  
  116  11:40  Robotics Facility  
  116  11:41  Robotics Facility, Zealot x4  
  116  11:42  Zealot x4  
  120  12:05  Void Ray x2  
  119  12:50  Zealot x4  
  119  12:51  Zealot x4  
Show
View Real Time Build Order
Export as new Build Order

Sartor Protoss 

Build Orders:  

Get SALT Encoding   

  12  0:03  Probe (Chrono Boost)  
  14  0:14  Probe (Chrono Boost)  
  14  0:27  Probe (Chrono Boost)  
  15  0:32  Pylon  
  15  0:55  Gateway x2  
  15  0:56  Probe (Chrono Boost)  
  16  1:07  Probe (Chrono Boost)  
  17  1:17  Probe (Chrono Boost)  
  18  1:21  Pylon  
  18  1:28  Probe (Chrono Boost)  
  18  1:29  Pylon  
  19  1:42  Cybernetics Core  
  19  1:45  Probe (Chrono Boost)  
  24  1:50  Assimilator  
  24  2:05  Forge  
  20  2:18  Warp Gate  
  20  2:19  Assimilator  
  21  2:28  Probe (Chrono Boost)  
  21  2:40  Probe (Chrono Boost)  
  22  2:46  Nexus, Unknown  
  23  2:52  Probe (Chrono Boost)  
  23  2:53  Pylon  
  23  2:56  Pylon  
  23  2:57  Stalker  
  25  3:09  Stalker  
  27  3:28  Protoss Ground Weapons Level 1  
  27  3:31  Pylon  
  27  3:49  Pylon  
  27  3:57  Unknown  
  27  4:23  Twilight Council  
  27  4:25  Robotics Facility  
  27  4:31  Gateway  
  27  4:37  Adept x2  
  31  4:49  Probe (Chrono Boost)  
  31  4:50  Probe (Chrono Boost)  
  33  4:59  Probe (Chrono Boost)  
  34  5:02  Probe (Chrono Boost)  
  34  5:06  Stalker  
  37  5:07  Stalker  
  37  5:10  Probe (Chrono Boost)  
  41  5:14  Probe (Chrono Boost)  
  41  5:20  Probe (Chrono Boost)  
  42  5:27  Probe (Chrono Boost)  
  43  5:31  Probe (Chrono Boost)  
  44  5:39  Probe (Chrono Boost)  
  43  5:48  Sentry  
  43  5:49  Sentry  
  45  5:52  Gateway  
  45  5:58  Blink  
  45  6:01  Sentry  
  47  6:12  Probe (Chrono Boost)  
  47  6:14  Probe (Chrono Boost)  
  47  6:17  Assimilator  
  49  6:21  Assimilator  
  49  6:23  Probe (Chrono Boost), Sentry  
  53  6:26  Probe (Chrono Boost)  
  53  6:33  Probe (Chrono Boost)  
  53  6:38  Probe (Chrono Boost)  
  55  6:44  Probe (Chrono Boost)  
  56  6:50  Probe (Chrono Boost), Pylon  
  57  6:54  Probe (Chrono Boost), Photon Cannon  
  57  6:57  Photon Cannon  
  57  7:00  Observer  
  60  7:02  Probe (Chrono Boost)  
  60  7:10  Probe (Chrono Boost)  
  61  7:17  Stalker x4  
  61  7:21  Probe (Chrono Boost)  
  72  7:24  Mothership Core (Chrono Boost)  
  72  7:31  Probe (Chrono Boost), Photon Cannon  
  72  7:34  Photon Cannon  
  73  7:42  Pylon  
  73  7:44  Pylon  
  73  7:47  Pylon  
  73  7:56  Stalker  
  73  7:57  Stalker x3  
  81  7:59  Protoss Shields Level 1  
  81  8:05  Forge  
  81  8:12  Stargate  
  81  8:22  Resonating Glaives  
  81  8:24  Templar Archives  
  81  9:07  Stalker x3  
  81  9:08  Stalker  
  88  9:28  Psionic Storm  
  88  10:07  Phoenix  
  90  10:16  High Templar  
  90  10:17  High Templar x2  
  96  10:32  Phoenix  
  78  10:57  Phoenix  
  68  11:07  Mothership Core (Chrono Boost)  
  68  11:08  Stalker  
  68  11:09  Stalker x3  
  76  11:22  Phoenix  
  47  11:43  Probe (Chrono Boost)  
  47  11:46  Stalker x2  
  52  11:47  Phoenix, Stalker x2  
  59  11:55  Probe (Chrono Boost)  
  59  12:01  Pylon  
  59  12:07  Probe (Chrono Boost)  
  60  12:15  Pylon  
  60  12:17  Pylon  
  60  12:19  Probe (Chrono Boost), Pylon  
  60  12:21  Pylon  
  61  12:32  Probe (Chrono Boost)  
  58  12:44  Probe (Chrono Boost)  
  39  12:56  Probe (Chrono Boost), Stalker x2  
  39  12:57  Stalker x2  
Show
View Real Time Build Order
Export as new Build Order

Pingüi Terran 

Build Orders:  

Get SALT Encoding   

  12  0:02  SCV  
  13  0:14  SCV  
  15  0:28  SCV, Supply Depot  
  15  0:46  Refinery  
  15  0:50  SCV  
  15  0:52  Barracks  
  16  1:02  SCV  
  17  1:23  SCV  
  17  1:41  SCV, Barracks  
  18  1:48  Supply Depot, Refinery  
  18  1:53  SCV  
  19  1:56  Factory  
  19  2:05  SCV  
  20  2:10  Barracks Reactor  
  20  2:33  Barracks Tech Lab  
  20  2:50  Starport  
  20  2:51  Command Center, Unknown  
  20  3:00  SCV  
  21  3:12  SCV  
  22  3:23  Marine x2  
  24  3:35  Starport  
  24  3:42  Factory Tech Lab  
  24  3:45  Barracks Reactor, Orbital Command  
  24  3:54  Engineering Bay  
  24  4:02  Unknown  
  24  4:04  Orbital Command  
  24  4:13  Starport Tech Lab  
  24  4:14  Banshee  
  24  4:16  Cloaking Field  
  27  4:32  Banshee  
  30  4:52  SCV x2  
  32  4:57  Banshee  
  35  5:04  SCV x2  
  37  5:14  Armory  
  37  5:16  SCV x2  
  37  5:20  Missile Turret  
  39  5:21  Missile Turret  
  40  5:28  SCV x2  
  40  5:32  Banshee  
  44  5:35  Supply Depot  
  44  5:36  Supply Depot  
  44  5:40  SCV x2  
  46  5:57  SCV, Banshee  
  46  5:58  SCV  
  51  6:09  SCV  
  51  6:10  SCV  
  53  6:13  Terran Vehicle Weapons Level 1  
  53  6:59  Supply Depot  
  53  7:09  Fusion Core  
  53  7:10  Supply Depot  
  53  7:13  Supply Depot x2  
  53  7:15  Supply Depot  
  53  7:16  Barracks  
  53  7:17  Barracks  
  53  7:20  Banshee  
  53  7:21  Barracks  
  53  7:22  Barracks  
  56  7:59  Hyperflight Rotors  
  56  8:03  Viking  
  58  8:09  SCV x2  
  58  8:11  Refinery  
  60  8:13  Refinery  
  60  8:15  Missile Turret x2  
  60  8:16  Barracks Reactor  
  60  8:18  Marine  
  60  8:19  Missile Turret x2, Marine x6  
  66  8:20  Missile Turret  
  66  8:21  SCV  
  68  8:31  Supply Depot  
  68  8:36  Marine x2  
  68  8:37  Marine x5  
  75  8:44  Supply Depot  
  75  8:54  Supply Depot, Marine x4  
  75  8:55  Marine x3  
  82  9:05  Raven  
  84  9:12  SCV x2, Marine x5  
  84  9:13  Marine x2  
  93  9:19  Marine x2  
  95  9:24  SCV x2  
  95  9:30  Marine x6  
  95  9:31  Marine  
  104  9:36  SCV  
  104  9:37  Marine x2  
  100  9:47  Marine  
  100  9:48  Marine x2  
  93  10:13  Raven x2  
  97  10:15  Marine x4  
  97  10:16  Marine x5  
  106  10:33  Marine x5  
  106  10:34  Marine x2  
  114  10:42  Command Center, Unknown  
  114  10:44  Barracks Reactor  
  114  10:46  Barracks Tech Lab  
  113  10:51  Marine x3  
  79  11:14  Marine  
  79  11:15  Marauder, Marine x6  
  88  11:32  Marine x2  
  88  11:33  Marine x5  
  88  11:37  Marauder  
  95  11:50  Marine x3  
  95  11:51  Marine x4  
  102  11:54  Unknown  
  102  11:57  Missile Turret  
  102  11:58  Missile Turret, Marine  
  102  12:00  Missile Turret x2  
  100  12:08  Marine x4  
  62  12:22  Planetary Fortress  
  38  12:40  Marine x2  
  38  12:41  Marine x6  
Tags
 
Add a new tag
Caveats
  • Supply blocks, unpowered buildings, or Contaminate may cause inaccurate times.
  • Supply counts are checked every 10 seconds.